 Dungeon Crawl Stone Soup version 0.17-a0-1475-g9f81d98 (webtiles) character file.

323 Gorice the Conjurer (level 6, 0/32 HPs)
             Began as a Tengu Wizard on June 30, 2015.
             Slain by a giant gecko (4 damage)
             ... on level 3 of the Dungeon on July 2, 2015.
             The game lasted 00:27:09 (3399 turns).

Gorice the Conjurer (Tengu Wizard)                  Turns: 3399, Time: 00:27:09

Health: 0/32       AC:  3    Str:  8    XL:     6   Next: 47%
Magic:  2/13       EV: 12    Int: 20    God:
Gold:   102        SH:  0    Dex: 12    Spells: 6 memorised, 0 levels left

rFire  . . .     SeeInvis .     a - +1 spear
rCold  . . .     Clarity  +     o - +0 robe
rNeg   . . .     SustAt   .     (no shield)
rPois  .         Gourm    .     b - +0 hat
rElec  .         Spirit   .     (no cloak)
rCorr  .         Warding  .     m - +0 pair of gloves
rMut   .         Stasis   .     (boots unavailable)
MR     .....                    j - amulet of clarity
Stlth  ++........               (no ring)
                                (no ring)

@: repel missiles, not resistant to hostile enchantments, unstealthy
A: beak, talons 3, able to fly 1
a: Fly


You were on level 3 of the Dungeon.
You were hungry.

You visited 1 branch of the dungeon, and saw 3 of its levels.

You collected 102 gold pieces.

Inventory:

Hand weapons
 a - a +1 spear (weapon)
Missiles
 Z - 42 stones (quivered)
Armour
 b - a +0 hat (worn)
 m - a +0 pair of gloves (worn)
 o - a +0 robe (worn)
Jewellery
 g - an uncursed amulet of regeneration
 j - an amulet of clarity (around neck)
 r - an uncursed ring of fire
Scrolls
 i - a scroll of blinking
Potions
 e - a potion of degeneration {unknown}
 k - a potion of heal wounds {!q}
 s - a potion of brilliance {unknown}
 t - a potion of cure mutation {unknown}
Books
 c - a book of Minor Magic
Comestibles
 d - a bread ration {!e}
 f - 5 fruits
 h - 7 chunks of flesh
 u - a royal jelly


   Skills:
 - Level 2.1 Dodging
 - Level 2.0 Stealth
 + Level 4.2 Spellcasting
 - Level 6.4 Conjurations
 - Level 1.2 Summonings
 - Level 0.7 Translocations
 * Level 1.5 Fire Magic
 * Level 2.0 Air Magic


You couldn't memorise any spells.
You knew the following spells:

 Your Spells              Type           Power        Failure   Level  Hunger
a - Magic Dart            Conj           ####         1%          1    None
b - Call Imp              Summ           #.......     14%         2    #......
c - Conjure Flame         Conj/Fire      ###.....     10%         3    ###....
d - Mephitic Cloud        Conj/Pois/Air  ###.....     14%         3    ###....
J - Blink                 Tloc           N/A          17%         2    #......
M - Repel Missiles        Chrm/Air       #.....       14%         2    #......


Dungeon Overview and Level Annotations

Branches:
Dungeon (3/15)

Altars:
Makhleb


Innate Abilities, Weirdness & Mutations

You have a beak for a mouth.
You have claws for feet.
You can fly.


Message History

The fire roars!
You are feeling hungry.
The ogre is engulfed in noxious fumes.
The ogre appears confused.
The ogre closely misses the gnoll.
Attack whom?
Press: ? - help, Dir - move target cursor, f - ogre
Aim: an ogre, wielding a giant club (noxious fumes, lightly wounded, confused)
You reach to attack!
You barely miss the ogre.
The ogre is lightly wounded.
Attack whom?
Press: ? - help, Dir - move target cursor, f - adder, p - ogre
Aim: an adder (moderately wounded)
You reach to attack!
You hit the adder.
The adder is severely wounded.
The ogre is engulfed in noxious fumes.
Attack whom?
Press: ? - help, Dir - move target cursor, f/p - adder
Aim: an adder (severely wounded)
You reach to attack!
You barely miss the adder.
The adder is severely wounded.
The ogre is engulfed in roaring flames.
The ogre hits you with a giant club!!
Ouch! That really hurt!
* * * LOW HITPOINT WARNING * * *
Damage: 22 (max 22) Unknown command.
Your crimson imp blinks!
An orc comes into view. It is wielding a flail.
The ogre is engulfed in roaring flames.
You kill the ogre!
Your Fire Magic skill increases to level 1!
Your Air Magic skill increases to level 2!
The orc moves out of view.
Your magical contamination has completely faded away.
An orc comes into view. It is wielding a trident.
A river rat comes into view.
The orc hits you but does no damage.
Casting: Conjure Flame
Confirm with . or Enter, or press ? or * to list all spells.
You blink.
Unknown command.
Your crimson imp barely misses the adder.
Your crimson imp disappears in a puff of smoke!
The giant gecko bites you.
* * * LOW HITPOINT WARNING * * *
Damage: 1 (max 22) Unknown command.
The adder bites you.
* * * LOW HITPOINT WARNING * * *
The giant gecko bites you.
You die...

..............♣♣Pr§ .
..###.#.##.#....P....
#.###.#)##.....♣.#...
...........o##.♣.....
#.###.#.##.....PP.?_$
#.#..#.g...P..... #
##.#.o..P♣P#...
#...Sl..♣....l
##..@.#P..P.#..
#....♣♣P......
.##.....P♣..P...
.........P♣P....o
........♣.♣♣..♣..
#.###....♣.P.♣..P #.
#....♣.P..P♣. .. #.#
#.....♣.♣PPP. #. #.#
#...#.P.P♣P.♣♣.


You could see a gnoll, an adder, 2 orcs and a giant gecko.

Vanquished Creatures
  Sigmund (D:2)
  An ogre (D:3)
  3 adders (D:2)
  A river rat (D:3)
  3 worms (D:2)
  5 orcs (D:3)
  5 bats
  3 giant cockroaches
  4 goblins
  A hobgoblin (D:2)
  3 jackals (D:2)
  10 kobolds
  2 quokkas (D:2)
  A ball python (D:1)
  6 giant newts
  9 rats
58 creatures vanquished.

Vanquished Creatures (collateral kills)
  An adder (D:2)
  A worm (D:2)
2 creatures vanquished.

Grand Total: 60 creatures vanquished

Notes
Turn   | Place    | Note
--------------------------------------------------------------
     0 | D:1      | Gorice the Tengu Wizard began the quest for the Orb.
     0 | D:1      | Reached XP level 1. HP: 10/10 MP: 5/5
   101 | D:1      | Reached skill level 2 in Conjurations
   208 | D:1      | Reached XP level 2. HP: 15/15 MP: 0/7
   859 | D:1      | Reached skill level 3 in Conjurations
  1030 | D:1      | Learned a level 2 spell: Call Imp
  1622 | D:2      | Reached XP level 3. HP: 12/19 MP: 2/8
  1752 | D:2      | Reached skill level 4 in Conjurations
  1930 | D:2      | Reached XP level 4. HP: 24/24 MP: 5/9
  2408 | D:2      | Noticed Sigmund
  2414 | D:2      | Learned a level 3 spell: Conjure Flame
  2474 | D:1      | Learned a level 3 spell: Mephitic Cloud
  2520 | D:2      | Killed Sigmund
  2520 | D:2      | Reached skill level 4 in Spellcasting
  2520 | D:2      | Reached skill level 6 in Conjurations
  2520 | D:2      | Gained mutation: You can fly. [Tengu growth]
  2520 | D:2      | Reached XP level 5. HP: 19/28 MP: 0/12
  2895 | D:2      | Reached XP level 6. HP: 32/32 MP: 8/13
  3177 | D:2      | Learned a level 2 spell: Blink
  3180 | D:2      | Learned a level 2 spell: Repel Missiles
  3185 | D:2      | Upgraded the game from 0.17-a0-1450-g7e755d1 to 0.17-a0-1475-g9f81d98
  3346 | D:3      | Reached skill level 1 in Air Magic
  3358 | D:3      | Found a burning altar of Makhleb.
  3389 | D:3      | HP: 9/32 [ogre/giant club (22)]
  3391 | D:3      | Reached skill level 1 in Fire Magic
  3391 | D:3      | Reached skill level 2 in Air Magic
  3397 | D:3      | HP: 9/32 [giant gecko (1)]
  3399 | D:3      | HP: 4/32 [adder (5)]
  3399 | D:3      | Slain by a giant gecko

Vault maps used:
D:1:      shiori_arrival_elements, hex_intersection, hangedman_glass_teeth
D:2:      wad_lake_hut, uniq_sigmund
D:3:      wad_woods_stonehenge, first_bread

Action                   |  1- 3 |  4- 6 || total
-------------------------+-------+-------++-------
Melee: Unarmed           |     5 |       ||     5
       Spear             |    18 |     5 ||    23
Throw: Stone             |    19 |       ||    19
 Cast: Magic Dart        |    81 |    63 ||   144
       Call Imp          |     5 |     5 ||    10
       Conjure Flame     |       |     3 ||     3
       Mephitic Cloud    |       |     3 ||     3
       Blink             |       |     1 ||     1
       Repel Missiles    |       |     1 ||     1
  Use: Scroll            |       |     8 ||     8
 Stab: Sleeping          |     1 |       ||     1
  Eat: Chunk             |     3 |     5 ||     8

Table legend:
 A = Turns spent in this place as a percentage of turns spent in the entire game.
 B = Non-inter-level travel turns spent in this place as a percentage of non-inter-level travel turns spent in the entire game.
 C = Inter-level travel turns spent in this place as a percentage of turns spent in this place.
 D = Turns resting spent in this place as a percentage of non-inter-level travel turns spent in this place.
 E = Turns spent auto-exploring this place as a percentage of non-inter-level travel turns spent in this place.
 F = Non-inter-level travel turns spent in this place divided by the number of levels of this place that you've seen.
                   A       B       C       D       E      F
               +-------+-------+-------+-------+-------+----------------------
         Total | 100.0 | 100.0 |   0.4 |   3.9 |   5.9 | 405.7
       Dungeon | 100.0 | 100.0 |   0.4 |   3.9 |   5.9 | 405.7
               +-------+-------+-------+-------+-------+----------------------

Vault maps used:
D:1:      shiori_arrival_elements, hex_intersection, hangedman_glass_teeth
D:2:      wad_lake_hut, uniq_sigmund
D:3:      wad_woods_stonehenge, first_bread
